 Dungeon Crawl Stone Soup version 0.26.1-2-gb8aa6d0cf2 (webtiles) character file.

Game seed: 1557756284301902091

149549 thelaststarmaker the Warrior (level 16, -11/141 HPs)
             Began as a Demonspawn Berserker on Mar 13, 2021.
             Was a High Priest of Trog.
             Blown up by an orb spider (22 damage)
             ... with an orb of destruction
             ... on level 4 of the Spider Nest.
             The game lasted 02:15:16 (28400 turns).

thelaststarmaker the Warrior (DsBe)                Turns: 28400, Time: 02:15:16

Health: -11/141    AC: 22    Str: 21    XL:     16   Next: 96%
Magic:  0/14       EV: 24    Int: 15    God:    Trog [*****.]
Gold:   2573       SH:  0    Dex: 25    Spells: 15/15 levels left

rFire    . . .     SeeInvis .   S - +7 broad axe of Gexkaek {vorpal, Dex+7}
rCold    + + +     Faith    .   (no shield)
rNeg     + . .     Spirit   +   J - +1 scale mail "Hero's Friend" {rElec}
rPois    +         Reflect  .   (helmet unavailable)
rElec    +         Harm     .   o - +2 cloak
rCorr    .         Rampage  .   D - +0 pair of gloves of the Sea {Int+6}
Will     +....                  f - +2 pair of boots
Stlth    +.........             R - amulet of regeneration
HPRegen  0.73/turn              L - ring of the Establishment {rC++ AC+4}
MPRegen  0.28/turn              a - +4 ring of slaying

@: berserk cooldown, slowed, very slow
A: horns 3, molten scales 1, cold resistance 1, low mp 1, negative energy
resistance 1, poison resistance, shaggy fur 2, spiny 2, strong 1, magic shield,
magic regeneration
a: Renounce Religion, Berserk, Trog's Hand, Brothers in Arms


You were on level 4 of the Spider Nest.
You worshipped Trog.
Trog was extremely pleased with you.
You visited 4 branches of the dungeon, and saw 26 of its levels.
You also visited: Sewer.

You collected 2829 gold pieces.
You spent 256 gold pieces at shops.

Inventory:

Hand Weapons
 k - the +8 spear "Ydaqyag" {speed, rElec Dex+3}
   (You took it off a spriggan on level 10 of the Dungeon)

   Attacks with this weapon are significantly faster.
   It affects your dexterity (+3).
   It insulates you from electricity.
 n - a +4 flail of protection
 S - the +7 broad axe of Gexkaek (weapon) {vorpal, Dex+7}
   (Trog gifted it to you on level 2 of the Orcish Mines)

   It inflicts extra damage upon your enemies.
   It affects your dexterity (+7).
Missiles
 t - 68 poisoned darts (quivered)
 v - 15 atropa-tipped darts
Armour
 e - a +1 chain mail of fire resistance
 f - a +2 pair of boots (worn)
 i - a +0 troll leather armour
 o - a +2 cloak (worn)
 s - a +3 kite shield
 D - the +0 pair of gloves of the Sea (worn) {Int+6}
   (You bought it in a shop on level 2 of the Orcish Mines)

   It affects your intelligence (+6).
 J - the +1 scale mail "Hero's Friend" (worn) {rElec}
   (You found it on level 8 of the Dungeon)

   It insulates you from electricity.
Jewellery
 a - a +4 ring of slaying (right hand)
 A - an uncursed ring of teleportation
 H - an uncursed ring of see invisible
 L - the ring of the Establishment (left hand) {rC++ AC+4}
   (You found it on level 1 of the Lair of Beasts)

   [ring of protection]

   It affects your AC (+4).
   It greatly protects you from cold.
 O - an uncursed ring of resist corrosion
 P - a +4 ring of evasion
 R - an amulet of regeneration (around neck)
Wands
 b - a wand of digging (11)
 g - a wand of iceblast (10)
 q - a wand of paralysis (4)
 C - a wand of enslavement (39)
 I - a wand of flame (20)
 T - a wand of acid (12)
 Z - a wand of polymorph (27)
Scrolls
 d - 6 scrolls of remove curse
 j - 6 scrolls of teleportation
 z - 2 scrolls of blinking
 K - a scroll of magic mapping
 N - a scroll of brand weapon
 W - 2 scrolls of fog
 X - 2 scrolls of fear
Potions
 c - 4 potions of attraction
 m - 15 potions of curing
 u - 2 potions of resistance
 w - 4 potions of haste
 x - a potion of invisibility
 y - 4 potions of ambrosia
 E - a potion of magic
 F - 2 potions of might
 G - 7 potions of heal wounds
 M - 5 potions of flight
 Q - a potion of mutation
 U - 4 potions of lignification
 Y - a potion of cancellation
Miscellaneous
 h - a lightning rod (4/4)


   Skills:
 + Level 17.5 Fighting
 - Level 14.9(15.3) Axes
 - Level 6.1(11.5) Polearms
 - Level 1.8 Armour
 + Level 15.2 Dodging
 * Level 6.3 Shields


You had 15 spell levels left.
You didn't know any spells.
Your spell library was empty.

Dungeon Overview and Level Annotations

Branches:
Dungeon (14/15)            Temple (0/1) D:7            Lair (6/6) D:9
 Shoals (0/4) Lair:4       Spider (4/4) Lair:3        Slime (0/5) Lair:6
    Orc (2/2) D:11            Elf (0/3) Orc:2        Vaults (0/5) D:14
  Sewer (visited)

Altars:
Dithmenos
Fedhas
Kikubaaqudgha
Makhleb
Okawaru
Qazlal
Ru
Sif Muna
Trog
Uskayaw
Yredelemnul
The Shining One
Beogh
Jiyva

Shops:
D:4 }   D:6 (   Orc:1 :   Orc:2 :![(

Annotations:
D:10 2 runed translucent doors


Innate Abilities, Weirdness & Mutations

You have a pair of large horns on your head.
You are partially covered in molten scales. (AC +2)
You resist negative energy. (rN+)
You are mostly covered in sharp spines.
When hurt, damage is shared between your health and your magic reserves.
You regenerate magic rapidly.
Your flesh is cold resistant. (rC+)
Your magical capacity is low. (-10% MP)
Your system is resistant to poisons. (rPois)
You are covered in thick fur. (AC +2)
Your muscles are strong. (Str +2)


Message History

* * * LOW HITPOINT WARNING * * *
An orb of destruction comes into view.
Your deep troll closely misses the orb spider. x2
Your deep troll barely misses the orb spider.
Your deep troll bites the orb spider!
The orb spider dies!
Trog accepts your kill.
The orb spider begins to weave its threads into a brightly glowing ball.
The orb of destruction hits you!!
* * * LOW HITPOINT WARNING * * *
Your skin stops crawling.
You feel less strong-willed.
Your deep troll rages.
There is a stone staircase leading up, spattered with blood here.
The orb spider weaves a glowing orb of energy.
An orb of destruction comes into view.
Your deep troll bites the orb spider!!
Your deep troll claws the orb spider.
The orb spider dies!
Trog accepts your kill. The orb of destruction hits you!!
You die...

^........#.....≈≈≈......
.s.^................(...
...#.....†..............
..........#...........^.
.ss.^^#....†...........#
((s.........†....T†.....
.(s........†......○.........#..(.
.....<..#........○.....#..#......
................@?...............
.....^.................^....(...(
..................(........(.#.(.
...................((.(^#..((....
^........#..#....$...((.....s(..#
....^.....^^.....#.(..((...(.#...
.................##^..((†<.^..#
#..............^.###....^#s#.##
#..###.<###


You could see a friendly deep troll (summoned, berserk).

Vanquished Creatures
  Arachne (Spider:2)
  Rupert (D:12)
  Asterion (Spider:2)
  Frances (Spider:2)
  The ghost of Axipewex the Grappler, a journeyman OgTm of Okawaru (D:14)
  4 emperor scorpions
  An orc warlord (Orc:2)
  2 ghost moths
  A stone giant (D:14)
  Nessos (D:13)
  4 entropy weavers
  3 spark wasps (Spider:4)
  A merfolk impaler (D:14)
  8 hydras
  Fannar (Lair:2)
  A boulder beetle (D:11)
  A merfolk avatar (Lair:6)
  A catoblepas (Lair:5)
  2 naga warriors (D:14)
  Erica (D:8)
  4 centaur warriors
  4 tengu warriors (D:14)
  4 death yaks (Lair:4)
  An ogre mage (D:14)
  5 two-headed ogres
  Nergalle (Orc:1)
  A sea snake (Lair:6)
  4 harpies (D:14)
  5 orc knights
  2 deep elf archers (D:14)
  An obsidian statue (D:10)
  An oklob plant (Lair:1)
  7 orb spiders
  27 wolf spiders
  2 deep elf magi (D:14)
  A necromancer (Lair:3)
  2 orc sorcerers (Orc:2)
  4 manticores
  9 ugly things
  2 moths of wrath
  17 elephants
  Maurice (Orc:2)
  4 black mambas
  2 centaur zombies
  10 cane toads
  Joseph (D:8)
  Maggie (D:8)
  A centaur skeleton (D:11)
  3 torpor snails
  13 demonic crawlers
  7 rime drakes
  15 komodo dragons
  A rime drake (shapeshifter) (D:14)
  32 jumping spiders
  A polar bear (Lair:6)
  3 hornets
  3 meliai (D:14)
  9 trolls
  A spectral jumping spider (Spider:4)
  A wind drake (Lair:6)
  A wolf spider simulacrum (D:14)
  2 blink frogs (Lair:2)
  7 dream sheep (Lair:5)
  50 redbacks
  48 yaks
  22 tarantellas
  4 wyverns
  2 wraiths (D:12)
  2 vampires
  A fire elemental (Lair:1)
  8 basilisks
  2 steam dragons
  5 vampire mosquitoes (D:14)
  A soldier ant (D:12)
  2 wargs (Orc:1)
  18 water moccasins
  32 orc warriors
  5 phantoms
  A hornet zombie (D:14)
  5 ice beasts
  2 sky beasts
  4 black bears
  A necrophage (D:7)
  8 ogres
  6 wolves (Lair:4)
  2 centaurs
  2 big kobolds
  19 bullfrogs
  9 scorpions
  A wyvern skeleton (D:13)
  A water moccasin skeleton (D:8)
  4 killer bees (D:8)
  28 wights
  5 howler monkeys
  An electric eel (Lair:1)
  3 bullfrog zombies
  11 hounds
  30 orc priests
  2 jellies
  28 orc wizards
  3 bullfrog skeletons
  7 iguanas
  A polar bear simulacrum (Lair:3)
  4 wolf simulacra (Lair:3)
  6 worker ants
  2 yak simulacra (Lair:3)
  A hound zombie (D:6)
  A hound skeleton (D:9)
  2 worker ant zombies
  9 gnolls
  18 adders
  2 river rats (D:6)
  4 shadow imps
  2 white imps
  4 ufetubi
  An ooze (D:1)
  8 worms
  A dart slug (D:1)
  9 leopard geckos
  123 orcs
  3 bats
  2 giant cockroaches (D:3)
  10 goblins
  11 hobgoblins
  15 jackals
  7 quokkas
  A ball python (D:4)
  18 frilled lizards
  A jackal skeleton (D:9)
  15 kobolds
  15 rats
  4 river rat simulacra (Lair:3)
  A bush (Lair:4)
946 creatures vanquished.

Vanquished Creatures (collateral kills)
  The ghost of Elebi the Grappler, a journeyman DrTm of Yredelemnul (Lair:2)
  The ghost of 2bobheroes the Grappler, a journeyman TrFi of Okawaru (D:10)
  A hydra (Lair:2)
  A two-headed ogre (D:3)
  An unseen horror (D:3)
  4 wolf spiders (Spider:2)
  5 orb spiders (Spider:4)
  2 oklob plants (Spider:2)
  A black mamba (Lair:2)
  A cane toad (Lair:2)
  A rime drake (Lair:2)
  A polar bear (D:10)
  A jumping spider (Spider:2)
  A hornet (D:8)
  3 spriggans (D:10)
  A redback (Spider:4)
  A tarantella (Spider:2)
  3 orc warriors
  2 black bears
  An eye of draining (D:14)
  A centaur (D:8)
  An orc wizard (D:8)
  A worker ant zombie (D:8)
  An adder (D:8)
  A shadow imp (D:8)
  An orc (D:8)
39 creatures vanquished.

Vanquished Creatures (others)
  Sonja (D:13)
  A wolf spider (Spider:2)
  An electric eel (D:13)
  A gnoll (D:8)
  35 fungi
  87 plants
126 creatures vanquished.

Grand Total: 1111 creatures vanquished

Notes
Turn   | Place    | Note
-------+----------+-------------------------------------------
     0 | D:1      | thelaststarmaker the Demonspawn Berserker began the quest
                  | for the Orb.
     0 | D:1      | Reached XP level 1. HP: 18/18 MP: 1/1
   175 | D:1      | Gained mutation: You have a pair of small horns on your
                  | head. [demonic ancestry]
   175 | D:1      | Reached XP level 2. HP: 24/24 MP: 2/2
   874 | D:1      | Gained mutation: You have a pair of horns on your head.
                  | [demonic ancestry]
   874 | D:1      | Reached XP level 3. HP: 29/29 MP: 3/3
  1084 | D:2      | Reached ** piety under Trog
  1090 | D:2      | Gained mutation: When hurt, damage is shared between your
                  | health and your magic reserves. [demonic ancestry]
  1090 | D:2      | Reached XP level 4. HP: 26/35 MP: 4/4
  1598 | D:2      | Reached XP level 5. HP: 41/41 MP: 3/5
  2188 | D:2      | Found a basalt altar of Yredelemnul.
  2289 | D:2      | Found a stormy altar of Qazlal.
  2290 | D:2      | Found a glowing golden altar of the Shining One.
  2293 | D:2      | Found an iron altar of Okawaru.
  2358 | D:3      | Reached skill level 5 in Dodging
  2501 | D:3      | Found a transporter.
  2501 | D:3      | Noticed a two-headed ogre
  2510 | D:3      | Found an ancient bone altar of Kikubaaqudgha.
  2681 | D:3      | Found a sacrificial altar of Ru.
  2686 | D:3      | Noticed a black bear
  2698 | D:3      | Found a transporter.
  2766 | D:3      | Reached *** piety under Trog
  2932 | D:3      | Found a shadowy altar of Dithmenos.
  3033 | D:4      | Gained mutation: You are partially covered in molten
                  | scales. (AC +2) [demonic ancestry]
  3033 | D:4      | Reached XP level 6. HP: 44/47 MP: 6/6
  3080 | D:4      | Found Wujug's Gadget Boutique.
  3134 | D:4      | Gained mutation: You are covered in fur. (AC +1) [potion of
                  | mutation]
  3134 | D:4      | Gained mutation: You expend magic power (3 MP) to
                  | strengthen your wands. [potion of mutation]
  3343 | D:4      | Found a hide-covered altar of Uskayaw.
  3543 | D:4      | Found a stormy altar of Qazlal.
  3761 | D:5      | Entered Level 5 of the Dungeon
  3768 | D:5      | Reached XP level 7. HP: 52/52 MP: 7/7
  4967 | D:6      | Gained mutation: You have a pair of large horns on your
                  | head. [demonic ancestry]
  4967 | D:6      | Reached XP level 8. HP: 36/58 MP: 5/8
  5069 | D:6      | Found a glowing drain.
  5077 | Sewer    | Entered a sewer
  5086 | Sewer    | Reached **** piety under Trog
  5404 | D:6      | Found Renicwoxa's Weapon Boutique.
  5473 | D:6      | Reached skill level 10 in Dodging
  5621 | D:6      | Found a bloodstained altar of Trog.
  5653 | D:6      | Found a shimmering blue altar of Sif Muna.
  5827 | D:6      | Gained mutation: You regenerate magic rapidly. [demonic
                  | ancestry]
  5827 | D:6      | Reached XP level 9. HP: 57/65 MP: 7/9
  5941 | D:6      | Reached skill level 4 in Fighting
  6138 | D:7      | Found a staircase to the Ecumenical Temple.
  6149 | D:7      | Lost mutation: You expend magic power (3 MP) to strengthen
                  | your wands. [potion of mutation]
  6149 | D:7      | Gained mutation: Your spells are a little easier to cast,
                  | but a little less powerful. [potion of mutation]
  6149 | D:7      | Gained mutation: You have an increased reservoir of magic.
                  | (+10% MP) [potion of mutation]
  6461 | D:8      | Noticed Maggie
  6464 | D:8      | Noticed Erica
  6525 | D:8      | Got a spiked scale mail
  6536 | D:8      | Identified the +1 scale mail "Hero's Friend" {rElec} (You
                  | found it on level 8 of the Dungeon)
  6557 | D:8      | Killed Maggie
  6558 | D:8      | Reached skill level 5 in Fighting
  6705 | D:8      | Killed Erica
  6706 | D:8      | Reached skill level 6 in Fighting
  6706 | D:8      | Reached XP level 10. HP: 77/77 MP: 9/11
  6886 | D:8      | Noticed Joseph
  6898 | D:8      | Killed Joseph
  6899 | D:8      | Reached skill level 7 in Fighting
  6912 | D:8      | Lost mutation: Your spells are a little easier to cast, but
                  | a little less powerful. [potion of mutation]
  6912 | D:8      | Lost mutation: You have an increased reservoir of magic.
                  | (+10% MP) [potion of mutation]
  6912 | D:8      | Gained mutation: Your magical capacity is low. (-10% MP)
                  | [potion of mutation]
  6912 | D:8      | Gained mutation: Your system is resistant to poisons.
                  | (rPois) [potion of mutation]
  6912 | D:8      | Gained mutation: You can translocate small distances at
                  | will. [potion of mutation]
  6913 | D:8      | Lost mutation: You can translocate small distances at will.
                  | [potion of mutation]
  6913 | D:8      | Lost mutation: Your magical capacity is low. (-10% MP)
                  | [potion of mutation]
  6913 | D:8      | Gained mutation: Your muscles are strong. (Str +2) [potion
                  | of mutation]
  6913 | D:8      | Gained mutation: Your magical capacity is low. (-10% MP)
                  | [potion of mutation]
  6913 | D:8      | Gained mutation: You are covered in thick fur. (AC +2)
                  | [potion of mutation]
  6913 | D:8      | Gained mutation: Your flesh is cold resistant. (rC+)
                  | [potion of mutation]
  7154 | D:9      | Found a blossoming altar of Fedhas.
  7326 | D:9      | Reached ***** piety under Trog
  7496 | D:9      | Reached skill level 8 in Fighting
  7741 | D:9      | Found a burning altar of Makhleb.
  7769 | D:9      | Found a staircase to the Lair.
  8005 | D:3      | Reached skill level 9 in Fighting
  8005 | D:3      | Killed an unseen horror
  8007 | D:3      | Killed a two-headed ogre
  8168 | Lair:1   | Entered Level 1 of the Lair of Beasts
  8200 | Lair:1   | Noticed a cane toad
  8210 | Lair:1   | Reached XP level 11. HP: 90/90 MP: 9/9
  8213 | Lair:1   | Reached skill level 10 in Fighting
  8305 | Lair:1   | Got a slimy granite ring
  8307 | Lair:1   | Identified the ring of the Establishment {rC++ AC+4} (You
                  | found it on level 1 of the Lair of Beasts)
  9095 | Lair:1   | Noticed an oklob plant
  9354 | Lair:2   | Found a transporter.
  9354 | Lair:2   | Found a transporter.
  9364 | Lair:2   | Noticed Elebi's ghost (journeyman DrTm)
  9365 | Lair:2   | Noticed a four-headed hydra
  9403 | Lair:2   | Reached skill level 11 in Fighting
  9446 | Lair:2   | Noticed Fannar
  9458 | Lair:2   | Killed Fannar
  9548 | Lair:2   | Noticed a five-headed hydra
  9561 | Lair:2   | Killed a five-headed hydra
 10700 | Lair:2   | Reached skill level 5 in Axes
 10954 | Lair:2   | Killed Elebi's ghost
 10955 | Lair:2   | Reached skill level 12 in Fighting
 10960 | Lair:2   | Killed a four-headed hydra
 10962 | Lair:2   | Reached XP level 12. HP: 44/102 MP: 7/10
 11629 | Lair:3   | Noticed a six-headed hydra
 11634 | Lair:3   | Killed a six-headed hydra
 11904 | Lair:3   | Found a hole to the Spider Nest.
 12505 | Lair:4   | Found a staircase to the Shoals.
 12602 | Lair:4   | Reached skill level 13 in Fighting
 13214 | Lair:4   | Noticed a death yak
 13214 | Lair:4   | Noticed a death yak
 13215 | Lair:4   | Noticed a death yak
 13216 | Lair:4   | Noticed a death yak
 13225 | Lair:4   | Killed a death yak
 13228 | Lair:4   | Killed a death yak
 13230 | Lair:4   | Killed a death yak
 13237 | Lair:4   | Killed a death yak
 13238 | Lair:4   | Gained mutation: You resist negative energy. (rN+) [demonic
                  | ancestry]
 13238 | Lair:4   | Reached XP level 13. HP: 93/111 MP: 11/11
 13903 | Lair:5   | Reached skill level 10 in Axes
 15036 | Lair:6   | Entered Level 6 of the Lair of Beasts
 16523 | Lair:6   | Gained mutation: You are partially covered in sharp spines.
                  | [demonic ancestry]
 16523 | Lair:6   | Reached XP level 14. HP: 95/119 MP: 9/12
 16666 | Lair:6   | Found a viscous altar of Jiyva.
 16666 | Lair:6   | Found a staircase to the Slime Pits.
 17253 | D:10     | Entered Level 10 of the Dungeon
 17424 | D:10     | Found a runed translucent door.
 17429 | D:10     | Identified the +8 spear "Ydaqyag" {speed, rElec Dex+3}
 17448 | D:10     | Found a runed translucent door.
 17462 | D:10     | Found a runed translucent door.
 17479 | D:10     | Found a runed translucent door.
 17560 | D:10     | Noticed 2bobheroes's ghost (journeyman TrFi)
 17753 | D:10     | Found a runed translucent door.
 18044 | D:10     | Killed 2bobheroes's ghost
 18154 | D:11     | Received a gift from Trog
 18183 | D:11     | Reached skill level 1 in Polearms
 18271 | D:11     | Found a staircase to the Orcish Mines.
 19357 | Orc:1    | Entered Level 1 of the Orcish Mines
 19357 | Orc:1    | Noticed Nergalle
 19368 | Orc:1    | Killed Nergalle
 19499 | Orc:2    | Entered Level 2 of the Orcish Mines
 19504 | Orc:2    | Reached skill level 14 in Fighting
 19507 | Orc:2    | Noticed Maurice
 19520 | Orc:2    | Killed Maurice
 19612 | Orc:2    | Found a roughly hewn altar of Beogh.
 19883 | Orc:2    | Found a staircase to the Elven Halls.
 20046 | Orc:2    | Found a roughly hewn altar of Beogh.
 20049 | Orc:2    | Received a gift from Trog
 20099 | Orc:2    | Found a roughly hewn altar of Beogh.
 20123 | Orc:2    | Reached skill level 5 in Polearms
 20123 | Orc:2    | Found Dain Ducver's Book Boutique.
 20176 | Orc:2    | Found a roughly hewn altar of Beogh.
 20455 | Orc:2    | Got a bloodstained broad axe {god gift}
 20456 | Orc:2    | Identified the +7 broad axe of Gexkaek {vorpal, Dex+7}
                  | (Trog gifted it to you on level 2 of the Orcish Mines)
 20693 | Orc:2    | Found Qecwosamn's Antique Weapon Boutique.
 20694 | Orc:2    | Found a roughly hewn altar of Beogh.
 20725 | Orc:2    | Found Soadwela's Antique Armour Shop.
 20740 | Orc:2    | Bought a pair of faintly glowing gloves for 256 gold pieces
 20750 | Orc:2    | Identified the cursed +0 pair of gloves of the Sea {Int+6}
                  | (You bought it in a shop on level 2 of the Orcish Mines)
 20781 | Orc:2    | Noticed an orc warlord
 20798 | Orc:2    | Killed an orc warlord
 20902 | Orc:2    | Found a roughly hewn altar of Beogh.
 20903 | Orc:2    | Found Hahimab's Distillery.
 21063 | Orc:1    | Received a gift from Trog
 21086 | Orc:1    | Found Tialyggi's Book Shoppe.
 22002 | D:12     | Found a shadowy altar of Dithmenos.
 22186 | D:12     | Noticed Rupert
 22198 | D:12     | Killed Rupert
 22406 | D:12     | Found a flagged portal.
 22732 | D:13     | Noticed Sonja
 22778 | D:13     | Killed Sonja
 23092 | D:13     | Gained mutation: You are mostly covered in sharp spines.
                  | [demonic ancestry]
 23092 | D:13     | Reached XP level 15. HP: 117/127 MP: 11/13
 23166 | D:13     | Noticed Nessos
 23170 | D:13     | Killed Nessos
 23663 | D:14     | Found a runed translucent gate.
 23663 | D:14     | Found a runed translucent gate.
 23663 | D:14     | Found a runed translucent gate.
 23663 | D:14     | Found an iron altar of Okawaru.
 23663 | D:14     | Noticed Axipewex's ghost (journeyman OgTm)
 23707 | D:14     | Found a gate to the Vaults.
 23943 | D:14     | Reached skill level 15 in Fighting
 24404 | D:14     | Reached skill level 1 in Shields
 24405 | D:14     | Killed Axipewex's ghost
 24748 | Spider:1 | Entered Level 1 of the Spider Nest
 24844 | Spider:1 | Noticed a ghost moth
 24850 | Spider:1 | Killed a ghost moth
 24972 | Spider:1 | Received a gift from Trog
 25416 | Spider:1 | Reached skill level 16 in Fighting
 25544 | Spider:2 | Noticed Arachne
 25550 | Spider:2 | Reached XP level 16. HP: 138/138 MP: 12/14
 25558 | Spider:2 | Killed Arachne
 25902 | Spider:2 | Noticed Frances
 25915 | Spider:2 | Killed Frances
 26171 | Spider:2 | Noticed Asterion
 26367 | Spider:2 | Reached skill level 5 in Shields
 27055 | Spider:2 | Killed Asterion
 27056 | Spider:2 | Reached skill level 17 in Fighting
 27798 | Spider:4 | Entered Level 4 of the Spider Nest
 27892 | Spider:4 | Reached skill level 15 in Dodging
 28396 | Spider:4 | HP: 7/141 [disintegration (29)]
 28400 | Spider:4 | Blown up by an orb spider

Illustrated notes

Levels and vault maps discovered:
D:1:      amcnicky_arrival_abandoned_market, layout_basic, wad_floor_pattern_1,
          minmay_lizard_pond
D:2:      layout_rooms, minitemple, marbit_many_paths
D:3:      layout_rooms, general_overflow_altar, overflow_temple_1_default,
          gammafunk_temple_overflow_arena, kennysheep_generic_room_12
D:4:      layout_cave_pools, lemuel_crystal_altar, serial_shops, shop,
          chequers_serial_rivers_micro_a, grunt_qazlal_clouds
D:5:      layout_basic
D:6:      layout_cave_pools, nzn_overflow_gifts_of_might_and_magic,
          lightli_sewer_entry_pipes, serial_shops, nicolae_shop_stone
D:7:      layout_rooms, minmay_temple_entry_offerings,
          kennysheep_generic_room_15
D:8:      layout_cave_pools, minmay_fractal_squares_5, uniq_maggie, uniq_erica,
          uniq_joseph
D:9:      layout_loops_ring, lemuel_crystal_altar, kennysheep_mini,
          grunt_lair_entry_orc_guard_hut
D:10:     layout_basic, ebering_ghost_funeral_grove, minmay_statue_crystal_thing
D:11:     layout_basic, orc_0_dummy
D:12:     layout_stronghold, serial_column_ruins, column_ruins_hut,
          column_ruins_hut_pillars, column_ruins_grid_4,
          column_ruins_open_small_water, column_ruins_columns_water,
          column_ruins_open_medium, column_ruins_grid_3,
          lightli_bailey_entry_fortress, dk_vineyard_3,
          nicolae_dithmenos_shadow_blocks, uniq_rupert
D:13:     layout_big_octagon, lemuel_freeze_loot_1, uniq_sonja, uniq_nessos
D:14:     layout_basic, david_vaults_2, gammafunk_ghost_fury_of_okawaru,
          hangedman_aviary
Lair:1:   layout_gridlike, lemuel_fruit_tree, minmay_lair_oklob_chamber
Lair:2:   layout_cave_pods, nzn_ghost_randoct, beast_lair_carwin_1,
          serial_bayou_shore_b, uniq_fannar
Lair:3:   layout_loops_ring, dummy_spider_entry, bh_autumn_forest_stairs,
          small_statue_intersection, eino_house_with_fridge
Lair:4:   minmay_lair_venomous_thicket, layout_cellular_growth,
          elwin_shoals_entry_rocks, gauntlet_entry_generic, grunt_megastairs_3,
          infiniplex_staircase_pool_2
Lair:5:   layout_concentric_octagons, lookout_lair_type, serial_bayou_shore_b
Lair:6:   gammafunk_lair_ancient_temple, layout_concentric_octagons,
          dpeg_slime_entry_enclosed_altar
Spider:1: layout_spider_delve
Spider:2: spider_temple_joshua, drop_trap, uniq_arachne, uniq_asterion,
          uniq_frances
Spider:3: layout_spider_delve
Spider:4: floodkiller_spider_rune_tomb, nicolae_spider_nook
Orc:1:    layout_caves, serial_shops, shop, uniq_nergalle
Orc:2:    grunt_orc_community_town_hall, layout_diamond_mine,
          grunt_orc_community_big_house_1, grunt_orc_community_big_house_2,
          grunt_orc_community_house_2, grunt_orc_community_house_2,
          grunt_orc_community_house_3, grunt_orc_community_house_3, uniq_maurice

Skill      XL: |  1  2  3  4  5  6  7  8  9 10 11 12 13 14 15 16 |
---------------+-------------------------------------------------+-----
Axes           | 3 5 9 12 13 14 | 14.9
Dodging        | 2 3 4 5 6 8 10 12 13 14 15 | 15.2
Fighting       | 6 9 12 13 14 16 17 | 17.5
Polearms       | 6 |  6.1
Shields        | 3 6 |  6.3
Armour         | |  1.8

Action                   |  1- 3 |  4- 6 |  7- 9 | 10-12 | 13-15 | 16-18 || total
-------------------------+-------+-------+-------+-------+-------+-------++-------
Melee: Hand axe          |    62 |   238 |   222 |       |       |       ||   522
       Headbutt          |     6 |    37 |    72 |   108 |   245 |    67 ||   535
       War axe           |       |       |    90 |   442 |   295 |       ||   827
       Flail             |       |       |       |    13 |    12 |       ||    25
       Spear             |       |       |       |       |   366 |       ||   366
       Broad axe         |       |       |       |       |   391 |   246 ||   637
Throw: Dart              |       |       |       |    10 |    35 |    44 ||    89
Invok: Berserk           |     2 |    10 |    10 |    20 |    28 |    12 ||    82
       Trog's Hand       |       |     2 |     4 |    10 |    12 |     6 ||    34
       Brothers in Arms  |       |       |     1 |     3 |     7 |     8 ||    19
Evoke: Wand              |       |       |       |       |     1 |       ||     1
  Use: Scroll            |       |     5 |     7 |    14 |    22 |     1 ||    49
       Potion            |       |     1 |     1 |     2 |     3 |     3 ||    10
 Stab: Distracted        |       |     1 |       |       |       |     2 ||     3
       Sleeping          |       |       |     1 |       |       |       ||     1
       Held in net/web   |       |       |       |       |     2 |       ||     2
Armor: Animal skin       |    12 |     2 |       |       |       |       ||    14
       Leather armour    |       |    38 |    52 |     6 |       |       ||    96
       Scale mail        |       |       |       |   168 |   283 |   181 ||   632
Dodge: Dodged            |    46 |   230 |   324 |   444 |   789 |   491 ||  2324
